 Dungeon Crawl Stone Soup version 0.32-a0-433-g08bcfe7efd (webtiles) character file.

Game seed: 7616358592987180765

8248 Bravepunisher the Pandemonic (level 11, -12/56 HPs)
             Began as a Spriggan Monk on Feb 22, 2024.
             Was a High Priest of Makhleb.
             Killed from afar by a gargoyle (25 damage)
             ... with a stone arrow
             ... on level 10 of the Dungeon.
             The game lasted 00:35:14 (9209 turns).

Bravepunisher the Pandemonic (Spriggan Monk)        Turns: 9209, Time: 00:35:20

Health: -12/56     AC:  5    Str: 17    XL:     11   Next: 7%
Magic:  21/21      EV: 28    Int: 13    God:    Makhleb [*****.]
Gold:   473        SH:  0    Dex: 29    Spells: 10/10 levels left

rFire   . . .        v - +3 short sword "Vijuyx" {freeze, Str+4 Dex+2 SInv}
rCold   . . .        (no shield)
rNeg    . . .        h - +1 animal skin
rPois   .            C - +2 hat {Will+}
rElec   .            (no cloak)
rCorr   .            (gloves unavailable)
SInv    +            (boots unavailable)
Will    ++...        (no amulet)
Stlth   ++           e - +6 ring of dexterity
HPRegen 0.29/turn    s - +6 ring of strength
MPRegen 0.17/turn

%: no passive effects
@: very quick
A: very small, no large weapons, unfitting armour, see invisible, speed 3
a: Renounce Religion, Minor Destruction, Lesser Servant of Makhleb, Major
Destruction, Greater Servant of Makhleb


You were on level 10 of the Dungeon.
You worshipped Makhleb.
Makhleb was extremely pleased with you.
You visited 1 branch of the dungeon, and saw 10 of its levels.

You collected 473 gold pieces.

Inventory:

Hand Weapons
 d - the +5 falchion of the Crawling Thing {elec, rElec rC+}
   (You found it on level 5 of the Dungeon)

   rC+:       It protects you from cold.
   rElec:     It insulates you from electricity.
 v - the +3 short sword "Vijuyx" (weapon) {freeze, Str+4 Dex+2 SInv}
   (You found it on level 7 of the Dungeon)

   Str+4:     It affects your strength (+4).
   Dex+2:     It affects your dexterity (+2).
   SInv:      It lets you see invisible.
Missiles
 w - 2 throwing nets (quivered)
Armour
 h - a +1 animal skin (worn)
 C - a +2 hat of willpower (worn)
Jewellery
 e - a +6 ring of dexterity (left hand)
 m - a ring of protection from cold
 s - a +6 ring of strength (right hand)
 G - a ring of fire
Wands
 t - a wand of digging (6)
 z - a wand of polymorph (8)
 F - a wand of iceblast (3)
 I - a wand of flame (5)
 J - a wand of paralysis (1)
Scrolls
 a - 2 scrolls of poison {unknown}
 f - 2 scrolls of identify {unknown}
 l - 4 scrolls of teleportation {unknown}
 r - 2 scrolls of amnesia {unknown}
 x - 2 scrolls of vulnerability {unknown}
 y - a scroll of noise {unknown}
 A - 2 scrolls of revelation {unknown}
 B - a scroll of fog {unknown}
 D - a scroll of enchant weapon {unknown}
 E - a scroll of enchant armour {unknown}
 H - a scroll of silence {unknown}
Potions
 b - 3 potions of curing
 c - a potion of ambrosia
 g - 2 potions of lignification {unknown}
 i - 2 potions of haste {unknown}
 j - 2 potions of cancellation {unknown}
 k - 2 potions of brilliance {unknown}
 n - 3 potions of mutation {unknown}
 o - 2 potions of attraction {unknown}
 p - a potion of enlightenment {unknown}
 q - a potion of might {unknown}
 u - 2 potions of magic {unknown}
 K - a potion of heal wounds {unknown}


   Skills:
 + Level 5.7 Fighting
 + Level 7.3(8.3) Short Blades
 - Level 4.6(5.9) Long Blades
 + Level 9.1 Dodging
 * Level 12.2 Invocations


You had 10 spell levels left.
You didn't know any spells.
Your spell library contained the following spells:

 Spells                   Type           Power      Damage    Failure   Level
 Ensorcelled Hibernation  Hex/Ice        0%         N/A       43%         2
 Inner Flame              Hex/Fire       0%         N/A       67%         3
 Tukima's Dance           Hex            0%         N/A       67%         3
 Leda's Liquefaction      Alch/Erth      0%         N/A       97%         4
 Lee's Rapid Deconstruct  Erth           0%         3d4*      100%        5
 Bombard                  Conj/Erth      0%         9d1       100%        6
 Borgnjor's Revivificati  Necr           0%         N/A       100%        8


Dungeon Overview and Level Annotations

Branches:
Dungeon (10/15)            Temple (0/1) D:6            Lair (0/5) D:10
    Orc: D:9-12

Altars:
Ashenzari
Cheibriados
Makhleb
Okawaru
Qazlal
Ru
Sif Muna
Vehumet
Wu Jian
Yredelemnul
Zin
The Shining One

Shops:
D:1 (

Portals:
Bailey: D:9

Annotations:
D:10 Josephine


Innate Abilities, Weirdness & Mutations

You are very small and have problems with some larger weapons.
You are too small for most types of armour.
You have supernaturally acute eyesight. (SInv)
You cover ground extremely quickly. (Speed+++)


Message History

Your hellwing barely misses the gargoyle.
Your hellwing hits the gargoyle but does no damage.
Aiming: Minor Destruction (0% risk of failure)
Press: ? - help, Shift-Dir - straight line, f/p - gargoyle
Aim: a gargoyle, wielding a +1 mace of protection (severely damaged, not watching you, ally target)
The zap hits the gargoyle but does no damage.
The gargoyle is severely damaged.
The gargoyle completely misses you.
Your hellwing barely misses the gargoyle.
Your hellwing hits the gargoyle but does no damage.
Aiming: Minor Destruction (0% risk of failure)
Press: ? - help, Shift-Dir - straight line, f/p - gargoyle
Aim: a gargoyle, wielding a +1 mace of protection (severely damaged, ally target)
The puff of flame hits the gargoyle!
The gargoyle is almost destroyed.
The gargoyle completely misses you.
Your hellwing hits the gargoyle but does no damage. x2
Aiming: Minor Destruction (0% risk of failure)
Press: ? - help, Shift-Dir - straight line, f/p - gargoyle
Aim: a gargoyle, wielding a +1 mace of protection (almost destroyed, not watching you, ally target)
The puff of flame hits the gargoyle but does no damage.
The gargoyle is almost destroyed.
The gargoyle closely misses you.
Your hellwing barely misses the gargoyle.
Your hellwing hits the gargoyle but does no damage.
Aiming: Minor Destruction (0% risk of failure)
Press: ? - help, Shift-Dir - straight line, f/p - gargoyle
Aim: a gargoyle, wielding a +1 mace of protection (almost destroyed, ally target)
The glob of acid misses the gargoyle.
The gargoyle misses you.
Your hellwing hits the gargoyle but does no damage. x2
Unknown command.
You hit the gargoyle but do no damage.
The gargoyle is almost destroyed.
Aiming: Minor Destruction (0% risk of failure)
Press: ? - help, Shift-Dir - straight line, f/p - gargoyle
Aim: a gargoyle, wielding a +1 mace of protection (almost destroyed, ally target)
The gargoyle is unaffected.
The gargoyle hurls a stone arrow at you.
The stone arrow hits you!!
You die...

#..# ##########..#
............#
............#
............#
............#
#.................#
#.................#
##...........9@....#
.............4....#
#.................#
#.................#
#.................#
#....o............#
####.................#
...............<.....#
.............


You could see a gargoyle (ally target) and a friendly hellwing (summoned).

Vanquished Creatures
  A two-headed ogre (D:10)
  2 komodo dragons (D:10)
  A troll (D:9)
  3 wyverns
  2 wraiths
  An acid dragon (D:9)
  Duvessa (D:5)
  A water moccasin (D:5)
  3 black bears
  An ice beast (D:7)
  3 orc warriors
  2 centaurs
  An ogre (D:4)
  2 phantoms (D:7)
  4 kobold brigands
  2 bullfrogs
  3 gnoll sergeants
  2 scorpions
  10 wights
  Dowan (D:5)
  8 killer bees
  2 bombardier beetles (D:5)
  A crimson imp (D:5)
  3 hounds
  A jelly (D:4)
  A gnoll bouda (D:5)
  5 orc priests
  2 sleepcaps (D:7)
  Jessica (D:3)
  4 iguanas
  12 orc wizards
  Robin (D:2)
  24 gnolls
  8 adders
  2 dart slugs
  22 orcs
  7 ball pythons
  2 bats
  4 endoplasms
  3 giant cockroaches
  17 goblins
  7 hobgoblins
  2 jackals (D:5)
  25 kobolds
  3 quokkas
  A frilled lizard (D:1)
  2 rats
216 creatures vanquished.

Vanquished Creatures (collateral kills)
  Gastronok (D:8)
  A two-headed ogre (D:9)
  A troll (D:9)
  A bullfrog (D:9)
  2 killer bees (D:8)
  An orc priest (D:9)
7 creatures vanquished.

Vanquished Creatures (others)
  An orc (D:7)
1 creature vanquished.

Grand Total: 224 creatures vanquished

Notes
Turn   | Place    | Note
-------+----------+-------------------------------------------
     0 | D:1      | Bravepunisher the Spriggan Monk began the quest for the
                  | Orb.
     0 | D:1      | Reached XP level 1. HP: 11/11 MP: 2/2
    79 | D:2      | Noticed Robin
   241 | D:4      | Noticed an ogre
   247 | D:4      | Found a glowing silver altar of Zin.
   256 | D:4      | Noticed an iguana
   311 | D:4      | Noticed a jelly
   322 | D:5      | Entered Level 5 of the Dungeon
   324 | D:5      | Noticed a water moccasin
   333 | D:5      | Identified the +5 falchion of the Crawling Thing {elec,
                  | rElec rC+}
   341 | D:5      | Noticed an iguana
   425 | D:5      | Found a burning altar of Makhleb.
   425 | D:5      | Noticed a crimson imp
   431 | D:5      | Became a worshipper of Makhleb the Destroyer
   431 | D:5      | Reached * piety under Makhleb
   431 | D:5      | Reached ** piety under Makhleb
   438 | D:5      | Killed a crimson imp
   439 | D:5      | Reached skill level 2 in Invocations
   439 | D:5      | Reached XP level 2. HP: 15/16 MP: 2/4
   439 | D:5      | Reached XP level 3. HP: 18/19 MP: 2/5
   461 | D:4      | Noticed a scorpion
   493 | D:3      | Noticed Jessica
   706 | D:1      | Found Diphail's Weapon Emporium.
   773 | D:1      | Reached skill level 3 in Invocations
  1329 | D:2      | Reached XP level 4. HP: 23/23 MP: 7/7
  1366 | D:2      | Killed Robin
  1366 | D:2      | Reached *** piety under Makhleb
  1609 | D:2      | Found a broken altar of Ashenzari.
  1616 | D:2      | Reached skill level 1 in Long Blades
  1621 | D:2      | Reached skill level 4 in Invocations
  1885 | D:3      | Found a snail-covered altar of Cheibriados.
  2004 | D:3      | Found a glowing golden altar of the Shining One.
  2017 | D:3      | Killed Jessica
  2018 | D:3      | Reached XP level 5. HP: 27/27 MP: 9/9
  2498 | D:4      | Reached skill level 5 in Invocations
  2526 | D:4      | Reached XP level 6. HP: 29/32 MP: 10/10
  2749 | D:4      | Found an iron altar of Okawaru.
  2786 | D:4      | Identified the ring of Murronno {Wiz Str+6 Int+2 Dex-4}
  2948 | D:5      | Reached skill level 6 in Invocations
  2964 | D:5      | Reached XP level 7. HP: 17/35 MP: 12/12
  3060 | D:5      | Noticed Duvessa
  3061 | D:5      | Noticed Dowan
  3069 | D:5      | Killed Duvessa
  3073 | D:5      | Killed Dowan
  3427 | D:5      | Reached skill level 7 in Invocations
  3859 | D:6      | Found a basalt altar of Yredelemnul.
  3974 | D:6      | Reached **** piety under Makhleb
  4002 | D:6      | Reached XP level 8. HP: 25/39 MP: 14/14
  4124 | D:6      | Found a staircase to the Ecumenical Temple.
  4699 | D:7      | Reached skill level 8 in Invocations
  5108 | D:7      | Identified the +3 short sword "Vijuyx" {freeze, Str+4 Dex+2
                  | SInv}
  5315 | D:7      | HP: 1/39 [wraith (11)]
  5336 | D:7      | Reached skill level 9 in Invocations
  5498 | D:7      | Reached skill level 5 in Dodging
  5551 | D:7      | Reached XP level 9. HP: 30/44 MP: 15/17
  6189 | D:8      | Reached skill level 10 in Invocations
  6394 | D:8      | Reached skill level 5 in Short Blades
  6605 | D:8      | Found a sacrificial altar of Ru.
  6605 | D:8      | Found a radiant altar of Vehumet.
  6841 | D:8      | Found a faded altar of an unknown god.
  6843 | D:8      | Found a stormy altar of Qazlal.
  6845 | D:8      | Found a faded altar of an unknown god.
  6902 | D:8      | Found a shimmering blue altar of Sif Muna.
  6904 | D:8      | Noticed Gastronok
  7276 | D:8      | Killed Gastronok
  7277 | D:8      | Reached skill level 11 in Invocations
  7277 | D:8      | Reached XP level 10. HP: 26/51 MP: 17/19
  7522 | D:8      | Got Ogona's Teachings on the Beguiling Grave
  7750 | D:9      | Noticed a two-headed ogre
  7762 | D:9      | Killed a two-headed ogre
  7763 | D:9      | Reached skill level 5 in Fighting
  8313 | D:9      | Found a flagged portal.
  8323 | D:9      | Reached ***** piety under Makhleb
  8537 | D:10     | Entered Level 10 of the Dungeon
  8588 | D:10     | Found a staircase to the Lair.
  8869 | D:10     | Noticed a two-headed ogre
  8869 | D:10     | Noticed Josephine
  8909 | D:10     | Found an ornate altar of the Wu Jian Council.
  8933 | D:10     | Reached skill level 12 in Invocations
  9116 | D:10     | Killed a two-headed ogre
  9117 | D:10     | Reached XP level 11. HP: 56/56 MP: 21/21
  9209 | D:10     | Killed from afar by a gargoyle

Illustrated notes

Levels and vault maps discovered:
D:1:      mrwooster_arrival_statue_2, layout_basic, serial_shops,
          nicolae_shop_bloodbath_and_beyond
D:2:      layout_rooms, basic_altar, chequers_serial_rivers_micro_c,
          minmay_misc_feat_columns, uniq_robin
D:3:      layout_rooms, mainiacjoe_overflow_cross_hatched,
          general_overflow_altar, uniq_jessica
D:4:      layout_rooms, mainiacjoe_overflow_brackets,
          mainiacjoe_overflow_24_doors
D:5:      layout_basic, makhleb_grotto_becter, uniq_duvessa
D:6:      layout_basic, lemuel_doored_altar, minmay_temple_entry_from_below_b
D:7:      layout_cave_pods
D:8:      layout_rooms, nicolae_sif_muna_condensation,
          chequers_temple_overflow_minitemple, uniq_gastronok
D:9:      layout_small_grid, enter_bailey_1, minmay_misc_feat_nine_boxes
D:10:     layout_long_grid, mainiacjoe_overflow_chevrons,
          nicolae_wu_jian_wuxing_cycle, hiddenorc2_lemuel, uniq_josephine

Skill      XL: |  1  2  3  4  5  6  7  8  9 10 |
---------------+-------------------------------+-----
Invocations    | 2 3 4 5 6 7 9 11 12 | 12.2
Long Blades    | 1 2 3 4 |  4.6
Fighting       | 3 4 5 |  5.7
Dodging        | 5 7 9 |  9.1
Short Blades   | 5 7 |  7.3

Action                     |  1- 3 |  4- 6 |  7- 9 | 10-12 || total
---------------------------+-------+-------+-------+-------++-------
  Melee: Short sword       |    10 |       |    71 |    90 ||   171
         Falchion          |    30 |    23 |    43 |       ||    96
 Invoke: Minor Destruction |    37 |   104 |   241 |   143 ||   525
         Lesser Servant of |       |       |     1 |     2 ||     3
  Evoke: Wand              |       |       |       |     4 ||     4
    Use: Potion            |       |       |       |     2 ||     2
   Stab: Distracted        |       |       |       |     1 ||     1
 Armour: Robe              |    10 |     1 |       |       ||    11
         Animal skin       |       |    11 |    44 |    32 ||    87
         Skin              |       |     1 |       |       ||     1
  Dodge: Dodged            |    55 |    22 |    79 |   122 ||   278

Table legend: (Time is in decaauts)
 A = Elapsed time spent in this place.
 B = Non-inter-level travel time spent in this place.
 C = Inter-level travel time spent in this place.
 D = Time resting spent in this place.
 E = Time spent auto-exploring this place.
 F = Levels seen in this place.
 G = Mean time per level.
                   A        B        C        D        E       F      G
               +--------+--------+--------+--------+--------+-----+--------+
         Total |   6756 |   6485 |    271 |    484 |   4349 |  10 |  675.6 |
       Dungeon |   6756 |   6485 |    271 |    484 |   4349 |  10 |  675.6 |
               +--------+--------+--------+--------+--------+-----+--------+

Top non-repeatable levels by time:
     D:8: 1213 daAuts
     D:7: 1030 daAuts
     D:5: 750 daAuts
     D:6: 736 daAuts
     D:9: 623 daAuts
     D:4: 584 daAuts
    D:10: 533 daAuts
     D:1: 520 daAuts
     D:2: 412 daAuts
     D:3: 352 daAuts
